Cogmind - Beta 16 @@@ ROGUE MODE // 2025.10.31 @ 14:53:24 Player: Petvaria Result: Self-destructed Performance ------------- Evolutions (1) 500 Regions Visited (5) 1000 Robots Destroyed (99) 495 Value Destroyed (2066) 2066 Prototype IDs (5) 100 Alien Tech Used (0) 0 Bonus (-231) -231 TOTAL SCORE: 3930 Bonus ------- Friendly Fire -231 Cogmind --------- Core Integrity 44/400 Matter 210/300 Energy 100/100 System Corruption 12% Temperature Cool (7) Movement Core (450) Ox8 Location -9/Exiles Parts ------- > --- POWER (1) -------- (None) > --- PROPULSION (3) --- (None) > --- UTILITY (3) ------ Large Storage Unit > --- WEAPON (2) ------- Improved Assault Rifle Improved Assault Rifle > --- INVENTORY (15) --- Light Treads VTOL Module Improved Flight Unit Improved Flight Unit Medium Storage Unit Experimental Sensor Array Improved Propulsion Shielding Hacking Suite Hacking Suite Improved Assault Rifle Improved Assault Rifle Peak State ------------ > --- POWER ------------ Heavy Ion Engine > --- PROPULSION ------- Light Treads Light Treads Improved Treads > --- UTILITY ---------- Large Storage Unit Decoy Drone Bay > --- WEAPON ----------- Improved Assault Rifle Improved Assault Rifle > --- INVENTORY -------- Light Treads Light Treads Light Treads VTOL Module Improved Flight Unit Improved Flight Unit Medium Storage Unit Improved Propulsion Shielding Light Armor Plating Hacking Suite Hacking Suite Improved Assault Rifle Improved Assault Rifle Improved Assault Rifle Improved Assault Rifle [Rating: 31] Favorites ----------- Power Heavy Ion Engine Engine Heavy Ion Engine Power Core Light Nuclear Core Propulsion Light Treads Treads Light Treads Leg Aluminum Leg Wheel Armored Wheel Utility Large Storage Unit Device Experimental Sensor Array Storage Large Storage Unit Hackware Hacking Suite Protection Light Armor Plating Weapon Improved Assault Rifle Ballistic Gun Improved Assault Rifle Build | -11 -10 -10 -9 -9 -9 ------- Run | Yrd Mat Min Mat Min Exi Slots Evolved 2 | . . . 2 . . Power . | . . . . . . Propulsion 1 | . . . 1 . . Utility 1 | . . . 1 . . Weapon . | . . . . . . Parts Attached 52 | 6 10 1 28 5 2 Power 5 | 1 1 . 3 . . Engine 3 | 1 1 . 1 . . Core 2 | . . . 2 . . Reactor . | . . . . . . Propulsion 20 | 2 3 1 13 . 1 Treads 16 | 2 2 . 11 . 1 Leg 1 | . 1 . . . . Wheel 3 | . . 1 2 . . Hover . | . . . . . . Flight . | . . . . . . Utility 14 | 1 2 . 7 4 . Device 2 | . . . . 2 . Storage 3 | 1 1 . 1 . . Processor . | . . . . . . Hackware 1 | . 1 . . . . Protection 8 | . . . 6 2 . Artifact . | . . . . . . Weapon 13 | 2 4 . 5 1 1 Energy Gun . | . . . . . . Energy Cannon . | . . . . . . Ballistic Gun 13 | 2 4 . 5 1 1 Ballistic Cannon . | . . . . . . Launcher . | . . . . . . Special Weapon . | . . . . . . Impact Weapon . | . . . . . . Slashing Weapon . | . . . . . . Piercing Weapon . | . . . . . . Special Melee Weapon . | . . . . . . Unidentified Prototypes 4 | . . . 2 2 . Parts Lost 22 | . 4 2 5 4 7 Power 4 | . . 1 2 . 1 Propulsion 8 | . 2 1 . 2 3 Utility 5 | . . . 2 2 1 Weapon 5 | . 2 . 1 . 2 Highest Loss Streak 7 | . 4 2 1 4 7 To Critical Strikes 1 | . . . . . 1 Average Backups 12 | 2 8 5 13 15 12 Power . | . . . . . . Propulsion 4 | 1 1 . 5 6 4 Utility 2 | . . 1 3 5 5 Weapon 4 | . 5 4 4 4 3 Tool/Special . | . . . . . . Unused Backups 17 | . 4 . 6 . 7 Power 2 | . 1 . 1 . . Propulsion 8 | . 2 . 2 . 4 Utility 3 | . . . . . 3 Weapon 4 | . 1 . 3 . . Tool/Special . | . . . . . . Average Slot Usage (%) 90 | . 85 82 98 79 80 Engine 8 | . 14 3 4 11 9 Core 3 | . . . 5 . . Treads 28 | . 27 3 30 22 30 Storage 11 | . 14 14 11 11 11 Hackware 6 | . . 14 11 . . Protection 7 | . . . 9 11 8 Ballistic Gun 23 | . 27 28 21 22 22 Peak Build Rating 31 | 6 11 11 23 31 19 Average Rating 17 | 4 8 9 21 18 17 On Entrance 11 | . 6 11 11 21 17 Avg Prop Armor Cover (%) 14 | . 7 9 15 . . Naked Turns . | . . . . . . Heaviest Build 44 | 12 21 19 41 44 37 Greatest Support 66 | 40 40 20 66 63 63 Greatest Overweight (x) 5 | . . 5 1 1 . Average Overweight (x) . | . . 1 . . . Largest Inventory Capacity 15 | 8 10 10 15 15 15 Average Capacity 13 | 6 9 10 14 15 15 Most Carried 15 | 4 10 8 15 15 14 Average Carried 12 | 2 8 5 13 14 12 Final Capacity 15 | 8 10 10 15 15 15 Final Carried 15 | 4 5 8 15 15 11 Class Distribution -------------------- 63% | Mutant 36% | Scavenger-Mutant Dominant Class ---------------- Mutant | -10/Materials Mutant | -10/Mines Scavenger-Mutant | -9/Materials Mutant | -9/Mines Mutant | -9/Exiles Resources | -11 -10 -10 -9 -9 -9 ----------- Run | Yrd Mat Min Mat Min Exi Matter Collected 2621 | 250 694 160 1264 253 . Remotely . | . . . . . . Salvage Created 3733 | 19 873 377 2326 138 . Parts 226 | 1 40 19 160 6 . Haulers Intercepted 8 | . 2 . 6 . . Recyclers Shooed 9 | . 1 . 8 . . Parts Field Recycled . | . . . . . . Retrieved Matter . | . . . . . . Parts Self-Destructed . | . . . . . . Prevented . | . . . . . . Parts Restored . | . . . . . . Kills | -11 -10 -10 -9 -9 -9 ------- Run | Yrd Mat Min Mat Min Exi Combat Hostiles Destroyed 63 | . 16 5 35 7 . Guns 63 | . 16 5 35 7 . Classes Destroyed 11 | 1 6 . 3 1 . Worker 7 | . . . 5 2 . Builder 2 | . . . 2 . . Tunneler 4 | 1 . . 3 . . Hauler 8 | . 2 . 6 . . Recycler 10 | . 2 3 5 . . Operator 4 | . 2 . 2 . . Watcher 7 | . 3 . 4 . . Swarmer 16 | . 3 3 10 . . Grunt 30 | . 13 2 15 . . Sentry 10 | . . . 10 . . Assembled 6 | . . . . 6 . Best Kill Streak 7 | 1 5 7 7 6 . Combat Bots Only 6 | . 5 5 3 6 . Max Kills in Single Turn 2 | 1 2 1 2 1 . Gunslinging 1 | . 1 . . . . Exploded . | . . . . . . Melee . | . . . . . . Uniques/NPCs Destroyed 1 | . . . . 1 . YI-UF0 (-9/Mines) Combat | -11 -10 -10 -9 -9 -9 -------- Run | Yrd Mat Min Mat Min Exi Hostile Shots Fired 387 | . 78 32 176 41 60 Missed 82 | . 14 11 43 3 11 Hits 305 | . 64 21 133 38 49 Melee 15 | . . . . 1 14 Projectile 290 | . 64 21 133 37 35 AOE 12 | . . . . 12 . Critical Strikes 19 | . 3 . 6 . 10 Part Disruptions 4 | . . . . 3 1 Damage Taken 4293 | . 809 253 1572 733 926 Core 461 | . 80 25 151 24 181 Absorbed by Shields . | . . . . . . Regen/Repaired (Parts) 238 | . . . 238 . . Core Remaining (%) 79 | 100 . 58 . . . Volleys Fired 301 | 10 79 15 153 31 13 Largest 2 | 2 2 2 2 2 2 Hottest 46 | 40 46 46 46 46 46 Shots Fired 597 | 20 156 30 305 61 25 Gun 597 | 20 156 30 305 61 25 Cannon . | . . . . . . Launcher . | . . . . . . Special . | . . . . . . Kinetic 597 | 20 156 30 305 61 25 Thermal . | . . . . . . Explosive . | . . . . . . Electromagnetic . | . . . . . . Robot Hit Streak 25 | 5 25 5 23 11 14 Robot Miss Streak 6 | 2 4 5 6 5 1 Penetration Max . | . . . . . . Secondary Targets 10 | . 1 4 3 2 . Max Gunslinging Chain 1 | . 1 1 1 1 . Shots Hit Robots 417 | 12 110 18 212 42 23 Core Hits 160 | 2 40 11 83 19 5 Critical Kills 2 | . 2 . . . . Critical Parts Destroyed 1 | . 1 . . . . Critical Strikes 3 | . 3 . . . . Destroy 3 | . 3 . . . . Melee Attacks . | . . . . . . Impact . | . . . . . . Slashing . | . . . . . . Piercing . | . . . . . . Sneak Attacks . | . . . . . . Combat Hostiles . | . . . . . . Follow-up Attacks . | . . . . . . Damage Inflicted 6372 | 90 1678 269 3345 638 352 Guns 6255 | 90 1678 269 3228 638 352 Cannons . | . . . . . . Explosions 117 | . . . 117 . . Melee . | . . . . . . Ramming . | . . . . . . Kinetic 6255 | 90 1678 269 3228 638 352 Thermal 117 | . . . 117 . . Explosive . | . . . . . . Electromagnetic . | . . . . . . Impact . | . . . . . . Slashing . | . . . . . . Piercing . | . . . . . . Highest Corruption 12 | . . . . . 12 Average Corruption 8 | . . . . . 8 Corruption Purged . | . . . . . . Corruption Blocked . | . . . . . . Overload Shots . | . . . . . . Overflow Damage 32 | . . . 32 . . Projectiles . | . . . . . . Explosions 32 | . . . 32 . . Melee . | . . . . . . Knockbacks . | . . . . . . Impact . | . . . . . . Kinetic . | . . . . . . Secondary . | . . . . . . Self-Inflicted Damage . | . . . . . . Shots . | . . . . . . Rammed . | . . . . . . Targets Rammed . | . . . . . . Kicked . | . . . . . . Crushed . | . . . . . . Highest Temperature 145 | . 145 50 39 56 53 Average Temperature 20 | . 27 27 7 20 27 Received Heat Transfer 1635 | . 492 117 546 260 220 Siege Activations . | . . . . . . Martial Activations . | . . . . . . Shielding Activations . | . . . . . . Robots Disrupted . | . . . . . . Combat Hostiles . | . . . . . . Robots Corrupted . | . . . . . . Combat Hostiles . | . . . . . . Parts Fried . | . . . . . . Impact Corruptions . | . . . . . . Robots Melted . | . . . . . . Combat Hostiles . | . . . . . . Parts Melted . | . . . . . . Heat Transferred 100 | . . . 100 . . Parts Sabotaged . | . . . . . . Parts Stolen . | . . . . . . Parts Stripped . | . . . . . . Power Chain Reactions . | . . . . . . Alert | -11 -10 -10 -9 -9 -9 ------- Run | Yrd Mat Min Mat Min Exi Maximum Alert Level 1 | . . . 1 . . Low Security (%) 98 | 100 100 100 97 100 . Level 1 1 | . . . 2 . . Level 2 . | . . . . . . Level 3 . | . . . . . . Level 4 . | . . . . . . Level 5 . | . . . . . . High Security . | . . . . . . Max Security . | . . . . . . Peak Influence 260 | 5 143 107 260 70 . Initial 70 | . . 12 33 70 . Average 57 | . 52 80 79 3 . Influence Increases 1946 | 5 542 135 1254 10 . Destroy 0b10 Robot/C 1120 | . 320 100 700 . . Destroy 0b10 Robot/NC 205 | 5 40 15 135 10 . Destroy Leader 310 | . 90 20 200 . . Successful Hack 86 | . 74 . 12 . . Disable Machine 75 | . . . 75 . . Destroy Structure 45 | . 3 . 42 . . Lose Combat Pursuer 105 | . 15 . 90 . . Influence Decreases 1946 | 5 511 79 1159 192 . Entered New Map 185 | . . 19 54 112 . Time Decay 1268 | 5 496 40 647 80 . Lost Part 85 | . 15 20 50 . . Purge Threat 408 | . . . 408 . . Squads Dispatched 5 | . 3 . 2 . . Investigation 2 | . 2 . . . . Extermination . | . . . . . . Reinforcement 3 | . 1 . 2 . . Assault . | . . . . . . Garrison . | . . . . . . Intercept . | . . . . . . Searches Triggered . | . . . . . . Construction Impeded . | . . . . . . Haulers Reinforced . | . . . . . . Active Scanning Responses . | . . . . . . Cargo Convoy Interrupts . | . . . . . . Stealth | -11 -10 -10 -9 -9 -9 --------- Run | Yrd Mat Min Mat Min Exi Distress Signals 5 | . . . 5 . . Communications Jammed . | . . . . . . Distress Signals . | . . . . . . Times Spotted 119 | . 26 5 60 20 8 Peak Tracking Total 20 | . 5 5 5 20 9 Tactical Retreats 9 | . 1 . 6 2 . Traps | -11 -10 -10 -9 -9 -9 ------- Run | Yrd Mat Min Mat Min Exi Traps Triggered 4 | . 2 . 2 . . Indirectly . | . . . . . . Trap Hack Attempts . | . . . . . . Triggered . | . . . . . . Disarmed . | . . . . . . Reprogrammed . | . . . . . . Reused . | . . . . . . Traps Extracted . | . . . . . . Installed . | . . . . . . Triggered . | . . . . . . Machines | -11 -10 -10 -9 -9 -9 ---------- Run | Yrd Mat Min Mat Min Exi Machines Disabled 6 | . 1 . 5 . . Max in Single Turn 5 | . 1 . 5 . . Machines Repaired . | . . . . . . Machines Dismantled . | . . . . . . Machines Sabotaged . | . . . . . . Overloaded Fab Kills . | . . . . . . Hacking | -11 -10 -10 -9 -9 -9 --------- Run | Yrd Mat Min Mat Min Exi Machines Accessed 21 | . 6 . 14 1 . Terminals 16 | . 6 . 10 . . Fabricators . | . . . . . . Repair Stations 2 | . . . 2 . . Recycling Units . | . . . . . . Scanalyzers 2 | . . . 2 . . Garrison Access . | . . . . . . Total Hacks 54 | . 16 . 37 1 . Successful 38 | . 10 . 27 1 . Failed 16 | . 6 . 10 . . Catastrophic 1 | . . . 1 . . Database Lockouts . | . . . . . . Manual 38 | . 13 . 25 . . Terminals 46 | . 16 . 30 . . Fabricators . | . . . . . . Repair Stations 4 | . . . 4 . . Recycling Units . | . . . . . . Scanalyzers 3 | . . . 3 . . Garrison Access . | . . . . . . Terminal Hacks 8 | . 1 . 6 1 . Open Door 1 | . . . . 1 . Unreport Threat 5 | . . . 5 . . Hauler Manifests 2 | . 1 . 1 . . Fabricator Hacks . | . . . . . . Repair Station Hacks 4 | . . . 4 . . Scan Component 2 | . . . 2 . . Repair 2 | . . . 2 . . Recycling Unit Hacks . | . . . . . . Scanalyzer 3 | . . . 3 . . Insert Component 1 | . . . 1 . . Analyze 1 | . . . 1 . . Retrieve Study 1 | . . . 1 . . Garrison Access Hacks . | . . . . . . Unauthorized Hacks 23 | . 9 . 14 . . Terminals 23 | . 9 . 14 . . Assimilate 1 | . 1 . . . . Botnet 7 | . 1 . 6 . . Operators 3 | . 2 . 1 . . Skim 12 | . 5 . 7 . . Fabricators . | . . . . . . Repair Stations . | . . . . . . Recycling Units . | . . . . . . Scanalyzers . | . . . . . . Garrison Access . | . . . . . . Data Cores Recovered . | . . . . . . Used . | . . . . . . Hacking Detections 15 | . 5 . 10 . . Full Trace Events . | . . . . . . Feedback Events . | . . . . . . Feedback Blocked . | . . . . . . Robot Schematics Acquired . | . . . . . . Robots Built . | . . . . . . Authchips . | . . . . . . Time . | . . . . . . Total Robot Build Rating . | . . . . . . Part Schematics Acquired 1 | . . . 1 . . Parts Built . | . . . . . . Authchips . | . . . . . . Time . | . . . . . . Total Part Build Rating . | . . . . . . Part Studies Acquired 1 | . . . 1 . . Parts Repaired 2 | . . . 2 . . Time 77 | . . . 77 . . Parts Recycled . | . . . . . . Recycled Matter . | . . . . . . Retrieved Matter . | . . . . . . Retrieved Components . | . . . . . . Parts Scanalyzed 1 | . . . 1 . . Part Schematics Acquired 1 | . . . 1 . . Parts Damaged . | . . . . . . Bothacking | -11 -10 -10 -9 -9 -9 ------------ Run | Yrd Mat Min Mat Min Exi Used RIF Installer . | . . . . . . Robots Hacked . | . . . . . . Non-combat . | . . . . . . Combat . | . . . . . . Robot Hacks Applied . | . . . . . . Relay Couplers Released . | . . . . . . Fabnet Peak Effective % . | . . . . . . Robots Rewired . | . . . . . . Allies Hacked . | . . . . . . Hacks Repelled . | . . . . . . Allies | -11 -10 -10 -9 -9 -9 -------- Run | Yrd Mat Min Mat Min Exi Total Allies 4 | . 1 . . 3 . Largest Group 3 | . 1 . . 3 3 Highest-Rated Group 40 | . 10 . . 40 40 Highest-Rated Ally 16 | . 10 . . 16 16 Total Orders . | . . . . . . Ally Attacks 5 | . . . . . 5 Total Damage 2 | . . . . . 2 Kills . | . . . . . . Allies Corrupted . | . . . . . . Allies Melted . | . . . . . . Intel | -11 -10 -10 -9 -9 -9 ------- Run | Yrd Mat Min Mat Min Exi Active Infowar (turns) 2 | . . . . 2 . Sensors 2 | . . . . 2 . Robot Analysis Total . | . . . . . . Derelict Logs Recovered 2 | . . . . 2 . Drone Launches . | . . . . . . Drone Recoveries . | . . . . . . Exploration | -11 -10 -10 -9 -9 -9 ------------- Run | Yrd Mat Min Mat Min Exi Turns Passed 7813 | 121 1862 98 4156 1463 113 Spaces Moved 3430 | 59 724 32 1905 666 44 Core 23 | 13 . 10 . . . Treads 3177 | 46 724 4 1693 666 44 Legs . | . . . . . . Wheels 230 | . . 18 212 . . Hover . | . . . . . . Flight . | . . . . . . Fastest Speed 50 | 50 160 100 105 160 160 Average Speed 163 | 135 160 170 154 195 160 Slowest Speed 300 | 160 160 300 160 240 160 Overloaded Moves . | . . . . . . Propulsion Burnouts . | . . . . . . Robots Hopped . | . . . . . . Potential Cave-ins . | . . . . . . Cave-ins Triggered . | . . . . . . Exploration Rate (%) 50 | 5 87 8 97 93 12 Regions Visited 5 Branch Regions 3 Pre-discovered Areas 1 | . . . . 1 . Known Exits Taken 2 | . . 1 1 . . Unknown Exits Taken 3 | 1 1 . . 1 . Scrap Searched 2 | . . . . 2 . Spaces Dug . | . . . . . . Terrain Destroyed 27 | . . . 27 . . Melee . | . . . . . . Projectile . | . . . . . . AOE 27 | . . . 27 . . Terrain Rammed . | . . . . . . Walls Destroyed . | . . . . . . Machines Disabled . | . . . . . . Actions | -11 -10 -10 -9 -9 -9 --------- Run | Yrd Mat Min Mat Min Exi Total 5102 | 84 1305 51 2834 767 61 Wait 1209 | . 470 . 686 53 . Move 3425 | 58 723 31 1904 665 44 Hop . | . . . . . . Pick Up 57 | 10 14 4 28 1 . Fast Attach 13 | . 1 . 7 5 . Attach 26 | 6 6 1 7 2 4 Detach 1 | . . . . 1 . Swap 26 | . 3 . 20 3 . Drop 44 | . 9 . 29 6 . Fire 301 | 10 79 15 153 31 13 Melee . | . . . . . . Ram . | . . . . . . Kick . | . . . . . . Crush . | . . . . . . Escape Stasis . | . . . . . . Rewire . | . . . . . . Trap . | . . . . . . Miscellaneous . | . . . . . . Route ------- -11/Scrapyard -10/Materials (discovered 6 exits: *Mat x3 / [*Min x2] / [*Sub]) -10/Mines -9/Materials (discovered 4 exits: *Mat x3 / *Min) -9/Mines (discovered 2 exits: *Mat / [*Exi]) -9/Exiles History --------- Turn | Location | Event 2 | -11/Scrapyard | Discovered new exit (range 16) 122 | -11/Scrapyard | Entered Materials 304 | -10/Materials | Build established: Mutant 400 | -10/Materials | Discovered new exit (range 15) 557 | -10/Materials | Discovered new exit (range 9) 567 | -10/Materials | Discovered new exit (range 5) 570 | -10/Materials | Discovered new exit (range 13) 810 | -10/Materials | Discovered new exit (range 16) 1405 | -10/Materials | Learned 4 Subcaves zone layouts 1473 | -10/Materials | Learned location of 1 exit from Storage 1579 | -10/Materials | Learned 4 Recycling zone layouts 1618 | -10/Materials | Learned Storage stockpile data 1668 | -10/Materials | Identified exit to Materials 1964 | -10/Materials | Lost 4 parts (2n2w) 1984 | -10/Materials | Entered Mines 1988 | -10/Mines | Discovered exit to Materials (range 8) 2082 | -10/Mines | Entered Materials 2082 | -9/Materials | Evolved 2 slots: Propulsion x1, Utility x1 2339 | -9/Materials | Discovered new exit (range 5) 2392 | -9/Materials | Build established: Scavenger-Mutant 2678 | -9/Materials | Repaired Lgt. Treads 3850 | -9/Materials | Learned 2 Storage zone layouts 3918 | -9/Materials | Learned Storage emergency access door positions 3976 | -9/Materials | Identified exit to Mines 3976 | -9/Materials | Identified exit to Materials 4024 | -9/Materials | Learned Storage machine intel 4064 | -9/Materials | Loaded intel: 15 trap records 4138 | -9/Materials | Learned Storage emergency access door positions 4468 | -9/Materials | Repaired Imp. Assault Rifle 4626 | -9/Materials | Build established: Mutant 4719 | -9/Materials | Discovered exit to Materials (range 16) 6238 | -9/Materials | Entered Mines 6239 | -9/Mines | Assembled infested the area 6319 | -9/Mines | Build established: Scavenger-Mutant 6327 | -9/Mines | Found the Drone Emporium 6345 | -9/Mines | Found Prototype Device 6345 | -9/Mines | Identified Decoy Drone Bay 6388 | -9/Mines | Found a damaged Exp. Sensor Array with a note attached 6391 | -9/Mines | Found Prototype Device 6391 | -9/Mines | Identified Exp. Sensor Array 6696 | -9/Mines | Learned Materials stockpile data 6775 | -9/Mines | YI-UF0 nonchalantly dropped a Grenade Launcher on the ground 6794 | -9/Mines | Found DCF Scrap (13 items) 6920 | -9/Mines | Build established: Mutant 6989 | -9/Mines | Destroyed YI-UF0 7019 | -9/Mines | Lost 4 parts (2n2u) 7114 | -9/Mines | Discovered exit to Materials (range 14) 7128 | -9/Mines | Assisted by bots powering up and referring to "LRC-V3" 7215 | -9/Mines | Deemed a non-threat by the Exiles lab entrance 7217 | -9/Mines | Discovered new exit (range 5) 7701 | -9/Mines | Entered Exiles 7701 | -9/Exiles | Accompanied by 3 allies 7742 | -9/Exiles | Met 8R-AWN 7775 | -9/Exiles | Attacked by the Exiles 7787 | -9/Exiles | Core integrity fell below 50% 7811 | -9/Exiles | System corruption reached 10% 7814 | -9/Exiles | Core integrity fell below 20% 7814 | -9/Exiles | Self-destructed Last Messages --------------- System corrupted by crushing effect (+3). Penetrated by HV Slug. HV Slug penetrates as-39862. as-39862 suffers critical hit (Destroy). HV Slug penetrates Wall. Imp. Treads destroyed. System corrupted by crushing effect (+5). Penetrated by HV Slug. Critical hit (Destroy). Imp. Assault Rifle destroyed. Penetrated by HV Slug. Lgt. Treads destroyed. Penetrated by HV Slug. Imp. Assault Rifle destroyed. HV Slug penetrates as-39862. HV Slug penetrates Wall. Penetrated by HV Slug. Lgt. Treads destroyed. System corrupted by crushing effect (+4). Penetrated by HV Slug. Map ----- +----------------------------------------------------+ | ?????????????????????????????????????????????????? | | ?????????????????????????????????????????????????? | | ?????????????????????????????????????????????????? | | ?????????????????????????????????????????????????? | | ?????????????????????????????????????????????????? | | ?????????????????????????????????????????????????? | | ?????????????????????????????????????????????????? | | ?????????????????????????????????????????????????? | | ?????????????????????????????????????????????????? | | ?????????????????????????????????????????????????? | | ?????????????????????????????????????????????????? | | ?????????????????????????????????????????????????? | | ?????????????????????????????????????????????????? | | ?????????????????????????????????????????????????? | | ???????????????????????????????????? ????????????? | | ??????????????????????????????????? ?????????????? | | ?????????????????????????????????# ??????????????? | | ????????????????????????????????# #??????????????? | | ???????????????????????????????# #??????????? ???? | | ??????????????????????????????# #???????????? ?? | | ?????????????????????????????# #????????????? ? | | ????????????????????????????# #?????????????# #? | | ???????????????????????????# #????????????## ## | | ??????????????????????????# #?????????????# # | | ??????????????????????####;#??????????????# # | | ?????????????????????##"a@#??????????????## ? | | ?????????????????????#" ga#?????????????## #?? | | ????????????????????##"aa*##????????????# #?? | | ??????????????????### a== ###????????### #??? | | ??????????????????# a=% ########## #??? | | ?????????????????## a [ #""""## #???? | | ?????? ### * ##??? | | ?????? ## * #??? | | ?????? ##;# ##?? | | ?????? " #?#"""""#### ### | | ??????? #""";#?#######??#### * # | | ??????? #####???????????????##### | | ???????? #????????????????????????### | | ???????? #???????????????????????????### | | ???????? ""??????????????????????????????### | | ?????????????????????????????????????????????#" | | ?????????????????????????????????????????????#### | | ????????????????????????????????????????????????# | | ????????????????????????????????????????????????## | | ?????????????????????????????????????????????????# | | ?????????????????????????????????????????????????? | | ?????????????????????????????????????????????????? | | ?????????????????????????????????????????????????? | | ?????????????????????????????????????????????????? | | ?????????????????????????????????????????????????? | +----------------------------------------------------+ Best States ------------- Heat Dissipation 28 Energy Generation 14 Energy Capacity 280 Matter Stores 300 Matter Capacity 300 Sight Range 16 Terrain Scan Density 10 Armor Coverage 375 Evasion (%) 50 Recoil Reduction 3 Offensive Hacking 10 Item Schematics ----------------- Imp. Flight Unit | -9/Materials | Scanalyzed Robot Schematics ------------------ None Fabricated ------------ Nothing Repaired ---------- Lgt. Treads | 17% | -9/Materials Imp. Assault Rifle | 12% | -9/Materials Studied --------- VTOL Module | -9/Materials | Hacked Alien Tech Used ----------------- None Achievements -------------- None Challenges ------------ None Game ------ Seed OmegaSigixModule Manual? 0 Play Time 00:43:37 Cumulative 328.7 hours Start 2025.10.31 @ 13:58:50 End 2025.10.31 @ 14:53:24 Sessions 3 Manual Loads 0 Difficulty Rogue Special Mode None Game No. 249 Rogue 249 Adventurer 0 Explorer 0 Win Type - Total 25 Types 12/1/7/2/1/0/0/1/0/1 Lore% 94 Gallery% 88 Achievement% 61 Wizard Run 0 Options --------- Layout 1 ASCII 0 Keyboard 0 Movement Numpad Keybinds 0 Fullscreen 1 Font 24/Proggy Map View 50x35 Zoom Use 0% Tactical HUD 0 Map Filters NONE Filters NONE Steam 1 RUN: 5fae7953-72eb-428b-9115-b91c909343ab